 Dungeon Crawl Stone Soup version 0.31-a0-981-geadf994542 (webtiles) character file.

Game seed: 6662430886382061031

209 wildpjah the Slasher (level 6, 0/45 HPs)
             Began as a Djinni Gladiator on Oct 31, 2023.
             Killed by nerve-wracking pain
             ... invoked by an orc priest
              (7 damage)
             ... on level 4 of the Dungeon.
             The game lasted 00:04:34 (2367 turns).

wildpjah the Slasher (Djinni Gladiator)             Turns: 2367, Time: 00:04:35

Health: 0/45       AC:  4    Str: 13    XL:     6   Next: 12%
Gold:   153        EV: 13    Int:  9    God:
                   SH:  0    Dex: 17

rFire   + + .        a - +0 long sword
rCold   x . .        (no shield)
rNeg    . . .        b - +0 leather armour
rPois   ∞            c - +0 helmet
rElec   .            (no cloak)
rCorr   .            (no gloves)
SInv    .            (boots unavailable)
Will    .....        (no amulet)
Stlth   +            (no ring)
HPRegen 0.27/turn    (no ring)
MPRegen 0.00/turn

%: infuse magic (-1 HP)
@: flying
A: sickness immunity, fire resistance 2, cold vulnerability 1, float, innate
caster, HP casting, extra vitality 1
a: no special abilities


You were on level 4 of the Dungeon.
You visited 1 branch of the dungeon, and saw 4 of its levels.

You collected 153 gold pieces.

Inventory:

Hand Weapons
 a - a +0 long sword (weapon)
 w - a +0 falchion
Missiles
 d - 3 throwing nets
 e - a javelin
Armour
 b - a +0 leather armour (worn)
 c - a +0 helmet (worn)
Magical Staves
 s - a staff of cold
Wands
 i - a wand of charming (8)
 m - a wand of roots (5)
 t - a wand of mindburst (29)
Scrolls
 f - 2 scrolls of revelation {unknown}
 g - a scroll of amnesia {unknown}
 j - a scroll of blinking {unknown}
 k - a scroll of brand weapon {unknown}
 l - 2 scrolls of teleportation {unknown}
 o - 3 scrolls of identify {unknown}
 p - a scroll of fear {unknown}
Potions
 h - a potion of degeneration {unknown}
 n - 2 potions of cancellation {unknown}
 q - a potion of curing {unknown}
 r - 3 potions of attraction {unknown}
 u - a potion of enlightenment {unknown}
 v - a potion of mutation {unknown}


   Skills:
 * Level 2.7 Fighting
 * Level 4.5 Long Blades
 - Level 1.6 Throwing
 - Level 0.2 Armour
 * Level 4.3 Dodging
 * Level 0.7 Spellcasting
 * Level 0.7 Conjurations
 * Level 0.7 Hexes
 * Level 0.7 Summonings
 * Level 0.7 Necromancy
 * Level 0.7 Translocations
 * Level 0.7 Transmutations
 * Level 0.7 Fire Magic
 * Level 0.7 Ice Magic
 * Level 0.7 Air Magic
 * Level 0.7 Earth Magic
 * Level 0.7 Poison Magic


You knew the following spells:

 Your Spells              Type           Power      Damage    Failure   Level
a - Foxfire               Conj/Fire      4%         2x1d4     36%         1
b - Momentum Strike       Conj/Tloc      2%         3d8       50%         2
Your spell library was empty.

Dungeon Overview and Level Annotations

Branches:
Dungeon (4/15)
 Temple: D:4-7

Altars:

Annotations:
D:3 2 transporters, Gormless's ghost, weakling DsCj


Innate Abilities, Weirdness & Mutations

You are immune to sickness and miasma.
You are immune to poison.
Your flesh is very heat resistant. (rF++)
You are vulnerable to cold. (rC-)
You float through the air rather than walking.
You learn spells naturally, not from books.
Your magical power is your life essence.
You have superior vitality. (+4 MHP)


Message History

You bump into the rock wall.
The orc wizard completely misses you.
You bump into the rock wall.
The orc wizard hits you with a +0 dagger.
You hit the orc wizard.
The orc wizard is moderately wounded.
The orc wizard mumbles some strange words.
The orc wizard flickers and vanishes!
Deactivating autopickup; reactivate with Ctrl-A.
You barely miss something. Something hits you but does no damage.
The orc priest invokes the aid of Beogh against you.
You closely miss something. Something hits you.
You feel less confused. Something barely misses you.
You see here a +0 dagger.
You barely miss something.
You hear some strange, mumbled words.
A puff of flame appears from out of thin air!
The puff of flame misses you.
The orc priest begins to cast a cantrip, but forgets the words!
You miss something. Something hits you but does no damage.
You hit something. Something hits you. x2
You closely miss something. Something hits you but does no damage.
You miss something.
You hear some strange, mumbled words.
A magic dart appears from out of thin air!
The magic dart hits you!
You hit something. Something hits you.
You hit something. Something hits you.
You slash something!
Reactivating autopickup.
You feel a bit more experienced.
You have reached level 6!
You hit the orc priest.
The orc priest is lightly wounded.
The orc priest calls down the wrath of Beogh upon you.
Beogh smites you!
* * * LOW HITPOINT WARNING * * *
The orc priest mumbles some strange prayers to Beogh against you.
Pain shoots through your body!
You die...

.##.# ##+## #.# .##.###...##
#.# .##.##.....## #.##
.##.#.......## ##..#
.##..........####...###########
.............'......†..........
####.........###....###.#####.#
# ##.......## #.#..###.#
##.....## #@##..##.#
###########o###.##.# ##.$.
#.).........#
#.8.8.#.######.####
#####_....'.# #.# #...#$8$8.###
#.# #.####$..# #.# #.##.####
#.# ###.###...# #.#


You could see an orc priest.

Vanquished Creatures
  A jelly (D:4)
  An orc priest (D:4)
  Ijyb (D:3)
  An orc wizard (D:4)
  4 adders
  A worm (D:2)
  A dart slug (D:2)
  2 orcs (D:4)
  3 ball pythons
  2 bats
  6 endoplasms
  2 giant cockroaches (D:2)
  8 goblins
  6 hobgoblins
  5 kobolds
  3 quokkas
  5 frilled lizards
  4 rats
56 creatures vanquished.

Vanquished Creatures (others)
  22 foxfires
22 creatures vanquished.

Grand Total: 78 creatures vanquished

Notes
Turn   | Place    | Note
-------+----------+-------------------------------------------
     0 | D:1      | wildpjah the Djinni Gladiator began the quest for the Orb.
     0 | D:1      | Reached XP level 1. HP: 18/18 MP: 0/0
   186 | D:1      | Reached XP level 2. HP: 23/23 MP: 0/0
   743 | D:2      | Reached XP level 3. HP: 28/28 MP: 0/0
   743 | D:2      | Learned a level 1 spell: Foxfire
   894 | D:2      | Reached XP level 4. HP: 19/33 MP: 0/0
  1251 | D:3      | Found a transporter.
  1358 | D:3      | Noticed Ijyb
  1363 | D:3      | Noticed Gormless's ghost (weakling DsCj)
  1369 | D:3      | Identified the +4 spear "Oppicwuni" {venom, rElec SInv}
  1379 | D:3      | Found a transporter.
  1606 | D:3      | Killed Ijyb
  1607 | D:3      | Reached XP level 5. HP: 5/39 MP: 0/0
  1607 | D:3      | Learned a level 2 spell: Momentum Strike
  2367 | D:4      | Reached XP level 6. HP: 21/45 MP: 0/0
  2367 | D:4      | Killed from afar by an orc priest

Illustrated notes

Levels and vault maps discovered:
D:1:      minmay_arrival_glassed_features, layout_basic,
          nicolae_concentric_dashed_squares_wild, minmay_tree_intersection
D:2:      layout_basic
D:3:      layout_basic, gammafunk_ghost_gnarly_gnolls, uniq_ijyb
D:4:      layout_loops_corners, chequers_mini_garden, amcnicky_mini_pool_small,
          kennysheep_orc_chapel, uniq_eustachio

Skill      XL: |  1  2  3  4  5 |
---------------+----------------+-----
Long Blades    | 3 4 |  4.5
Dodging        | 4 |  4.3
Fighting       | |  2.7
Throwing       | |  1.6
Armour         | |  0.2
Spellcasting   | |  0.7
Conjurations   | |  0.7
Hexes          | |  0.7
Summonings     | |  0.7
Necromancy     | |  0.7
Translocations | |  0.7
Transmutations | |  0.7
Fire Magic     | |  0.7
Ice Magic      | |  0.7
Air Magic      | |  0.7
Earth Magic    | |  0.7
Poison Magic   | |  0.7

Action                     |  1- 3 |  4- 6 || total
---------------------------+-------+-------++-------
  Melee: Long sword        |    87 |   101 ||   188
         Punch             |     1 |       ||     1
   Cast: Foxfire           |       |    13 ||    13
   Stab: Sleeping          |     1 |     1 ||     2
 Armour: Leather armour    |    46 |    63 ||   109
  Dodge: Dodged            |    64 |    71 ||   135

Table legend: (Time is in decaauts)
 A = Elapsed time spent in this place.
 B = Non-inter-level travel time spent in this place.
 C = Inter-level travel time spent in this place.
 D = Time resting spent in this place.
 E = Time spent auto-exploring this place.
 F = Levels seen in this place.
 G = Mean time per level.
                   A        B        C        D        E       F      G
               +--------+--------+--------+--------+--------+-----+--------+
         Total |   2407 |   2368 |     39 |      0 |   1921 |   4 |  601.8 |
       Dungeon |   2407 |   2368 |     39 |      0 |   1921 |   4 |  601.8 |
               +--------+--------+--------+--------+--------+-----+--------+

Top non-repeatable levels by time:
     D:3: 735 daAuts
     D:1: 729 daAuts
     D:2: 522 daAuts
     D:4: 419 daAuts
